 Dungeon Crawl Stone Soup version 0.27-a0-522-g46bbb28828 (webtiles) character file.

Game seed: 2464451299528502524

9154 kae the Severer (level 11, -10/101 HPs)
             Began as a Hill Orc Fighter on Mar 3, 2021.
             Was a Believer of Qazlal.
             Mangled by an orc warrior
             ... wielding a +0 halberd
              (15 damage)
             ... on level 10 of the Dungeon on Mar 4, 2021.
             The game lasted 00:09:03 (12529 turns).

kae the Severer (Hill Orc Fighter)                 Turns: 12529, Time: 00:09:04

Health: -10/101    AC: 10    Str: 35    XL:     11   Next: 42%
Magic:  20/20      EV:  8    Int:  8    God:    Qazlal [**....]
Gold:   348        SH:  0    Dex: 13    Spells: 10/10 levels left

rFire    . . .     SeeInvis .   C - +0 war axe (vorpal)
rCold    + . .     Faith    .   c - +0 kite shield
rNeg     . . .     Spirit   .   x - +1 ring mail "Xisojewu" {rC+ Dex+3 Stlth-}
rPois    .         Reflect  .   (no helmet)
rElec    .         Harm     .   p - +0 cloak
rCorr    .         Rampage  .   (no gloves)
Will     .....                  i - +1 pair of boots
Stlth    ..........             h - amulet of regeneration
HPRegen  1.26/turn              s - +6 ring of strength
MPRegen  0.17/turn              n - +6 ring of strength

@: confused, ambrosia-drunk
A: no striking features
a: Renounce Religion, Upheaval


You were on level 10 of the Dungeon.
You worshipped Qazlal.
Qazlal was pleased with you.
You visited 2 branches of the dungeon, and saw 11 of its levels.

You collected 348 gold pieces.

Inventory:

Hand Weapons
 a - a +1 war axe
 C - a +0 vorpal war axe (weapon)
Armour
 c - a +0 kite shield (worn)
 i - a +1 pair of boots (worn)
 p - a +0 cloak (worn)
 x - the +1 ring mail "Xisojewu" (worn) {rC+ Dex+3 Stlth-}
   (You found it on level 6 of the Dungeon)

   It affects your dexterity (+3).
   It protects you from cold.
   It makes you less stealthy.
Jewellery
 h - an amulet of regeneration (around neck)
 n - a +6 ring of strength (right hand)
 s - a +6 ring of strength (left hand)
Wands
 b - a wand of paralysis (7)
 f - a wand of acid (2)
 u - a wand of mindburst (9)
 w - a wand of random effects (26)
 y - a wand of polymorph (4)
 E - a wand of flame (44)
 F - a wand of charming (7)
Scrolls
 k - 2 scrolls of amnesia
 m - a scroll of immolation
 q - 2 scrolls of teleportation
 B - a scroll of fog
 D - a scroll of identify
Potions
 d - a potion of might
 e - a potion of flight
 j - a potion of attraction
 l - a potion of mutation
 o - a potion of magic
 r - 3 potions of curing
 t - 6 potions of brilliance
 v - a potion of berserk rage
 z - 2 potions of lignification


   Skills:
 + Level 10.7 Fighting
 * Level 15.0 Axes
 - Level 3.2 Armour
 - Level 3.2 Shields
 + Level 12.1 Invocations


You had 10 spell levels left.
You didn't know any spells.
Your spell library contained the following spells:

 Spells                   Type           Power        Failure   Level
 Animate Skeleton         Necr           0%           95%         1
 Pain                     Necr           0%           95%         1
 Vampiric Draining        Necr           0%           100%        3
 Animate Dead             Necr           0%           100%        4
 Summon Lightning Spire   Summ/Air       0%           100%        4
 Agony                    Necr           0%           100%        5


Dungeon Overview and Level Annotations

Branches:
Dungeon (10/15)            Temple (1/1) D:4            Lair (0/6) D:8
    Orc (0/2) D:9

Altars:
Ashenzari
Cheibriados
Dithmenos
Elyvilon
Fedhas
Gozag
Hepliaklqana
Kikubaaqudgha
Makhleb
Nemelex Xobeh
Okawaru
Qazlal
Ru
Sif Muna
Trog
Uskayaw
Vehumet
Wu Jian
Xom
Yredelemnul
Zin
The Shining One

Shops:
D:4 *   D:5 (   D:6 *

Annotations:
D:5 1 runed translucent door, Klosterheim's ghost, weakling DsDe


Message History

You block the quasit's attack. The quasit barely misses you.
The quasit closely misses you.
You hit the quasit.
The quasit is heavily wounded.
The quasit closely misses you.
The quasit claws you but does no damage.
The quasit barely misses you. You block the quasit's attack.
The quasit claws you but does no damage.
You block the quasit's attack.
You slash the quasit!
You kill the quasit!
Qazlal accepts your kill.
You barely miss the troll. The troll bites you. You block the troll's attack.
The troll completely misses you.
You hit the troll but do no damage. You block the troll's attack. x2
The troll claws you!
* * * LOW HITPOINT WARNING * * *
You hit the troll but do no damage. The troll bites you but does no damage.
The troll claws you.
* * * LOW HITPOINT WARNING * * *
You block the troll's attack.
You hit the troll.
The troll is lightly wounded.
You block the troll's attack. The troll claws you!
* * * LOW HITPOINT WARNING * * *
You block the troll's attack.
The orc warrior hits you from afar with a +0 halberd!
* * * LOW HITPOINT WARNING * * *
You slash the troll!
The troll is moderately wounded.
You block the troll's attack. x2; The troll barely misses you.
You block the orc warrior's attack.
Okay, then.
Okay, then.
You are confused.
You feel invigorated. The troll completely misses you. The troll claws you.
* * * LOW HITPOINT WARNING * * *
The troll claws you but does no damage.
The orc warrior hits you from afar with a +0 halberd!
You die...

.........[.##
........###....#
......## ##...#
....# ##..##
...# ##.### ###o
##.##


ooo ###.## #T####..## #@##..## ##..### #.#.# ##### You could see a troll, an orc
warrior and 3 orcs.

Vanquished Creatures
  Erica (D:8)
  2 two-headed ogres
  A manticore (D:10)
  An elephant (D:8)
  Psyche (D:9)
  2 trolls
  2 hornets
  A ynoxinul (D:8)
  A basilisk (D:8)
  4 wyverns
  4 yaks (D:9)
  Edmund (D:6)
  5 ice beasts
  2 sky beasts
  A black bear (D:8)
  An orc warrior (D:8)
  4 ogres
  4 centaurs
  A phantom (D:3)
  A kobold brigand (D:8)
  4 bullfrogs
  2 scorpions
  3 wights (D:9)
  17 killer bees
  A howler monkey (D:6)
  A centaur zombie (D:9)
  3 quasits
  A hound (D:10)
  7 orc priests
  4 bullfrog skeletons
  5 iguanas
  5 orc wizards
  2 worker ants
  2 hound skeletons
  A gnoll (D:1)
  17 adders
  2 shadow imps
  A white imp (D:9)
  An ufetubus (D:8)
  An ooze (D:4)
  An adder skeleton (D:5)
  3 worms
  6 leopard geckos
  11 orcs
  5 giant cockroaches
  7 goblins
  7 hobgoblins
  8 jackals
  5 quokkas
  3 ball pythons
  10 bats
  2 frilled lizards
  12 kobolds
  A leopard gecko skeleton (D:5)
  3 rats
204 creatures vanquished.

Vanquished Creatures (others)
  A fungus (D:8)
  A plant (D:8)
2 creatures vanquished.

Grand Total: 206 creatures vanquished

Notes
Turn   | Place    | Note
-------+----------+-------------------------------------------
     0 | D:1      | kae the Hill Orc Fighter began the quest for the Orb.
     0 | D:1      | Reached XP level 1. HP: 19/19 MP: 1/1
    49 | D:1      | Reached skill level 3 in Axes
   262 | D:1      | Reached XP level 2. HP: 17/27 MP: 2/2
   768 | D:1      | Reached skill level 4 in Axes
   768 | D:1      | Reached XP level 3. HP: 13/33 MP: 3/3
  1716 | D:2      | Reached XP level 4. HP: 33/41 MP: 4/4
  1907 | D:2      | Reached skill level 5 in Axes
  2738 | D:3      | Reached XP level 5. HP: 45/47 MP: 5/5
  3024 | D:3      | Reached skill level 5 in Fighting
  3024 | D:3      | Reached skill level 6 in Axes
  3068 | D:3      | Noticed a phantom
  3081 | D:3      | Killed a phantom
  3082 | D:3      | Reached skill level 7 in Axes
  3082 | D:3      | Reached XP level 6. HP: 53/56 MP: 6/6
  3624 | D:4      | Found a shadowy altar of Dithmenos.
  3686 | D:4      | Found an opulent altar of Gozag.
  3687 | D:4      | Found Gozag's Platinum Reserve.
  4028 | D:4      | Noticed a sky beast
  4035 | D:4      | Killed a sky beast
  4036 | D:4      | Reached skill level 8 in Axes
  4036 | D:4      | Reached XP level 7. HP: 45/63 MP: 7/7
  4138 | D:4      | Found a staircase to the Ecumenical Temple.
  4155 | Temple   | Entered the Ecumenical Temple
  4211 | Temple   | Became a worshipper of Qazlal Stormbringer
  4344 | D:4      | Found a hazy altar of Hepliaklqana.
  4603 | D:5      | Entered Level 5 of the Dungeon
  4631 | D:5      | Found a burning altar of Makhleb.
  4677 | D:5      | Found Usaamaxo's Weapon Emporium.
  4708 | D:5      | Reached skill level 1 in Invocations
  4924 | D:5      | Noticed a troll
  4932 | D:5      | Killed a troll
  4933 | D:5      | Reached skill level 9 in Axes
  4933 | D:5      | Reached XP level 8. HP: 24/71 MP: 8/10
  6001 | D:5      | Found a runed translucent door.
  6001 | D:5      | Noticed a centaur warrior
  6001 | D:5      | Noticed Klosterheim's ghost (weakling DsDe)
  6153 | D:6      | Found Reif's General Store.
  6243 | D:6      | Reached skill level 5 in Invocations
  6246 | D:6      | Identified the +1 ring mail "Xisojewu" {rC+ Dex+3 Stlth-}
  6289 | D:6      | Noticed Edmund
  6304 | D:6      | Killed Edmund
  6305 | D:6      | Reached skill level 10 in Axes
  6789 | D:6      | Found a snail-covered altar of Cheibriados.
  6885 | D:6      | Found a broken altar of Ashenzari.
  7317 | D:7      | Reached XP level 9. HP: 80/80 MP: 13/13
  7451 | D:7      | Reached skill level 11 in Axes
  7801 | D:7      | Noticed a hornet
  7807 | D:7      | Paralysed by a hornet for 1 turns
  7810 | D:7      | Killed a hornet
  8070 | D:8      | Found a bloodstained altar of Trog.
  8070 | D:8      | Noticed a troll
  8471 | D:8      | Noticed an elephant
  8644 | D:8      | Killed an elephant
  9078 | D:8      | Found an iron altar of Okawaru.
  9178 | D:8      | Found a staircase to the Lair.
  9201 | D:8      | HP: 3/82 [wyvern (12)]
  9207 | D:8      | Reached skill level 12 in Axes
  9583 | D:8      | Killed a troll
  9584 | D:8      | Reached XP level 10. HP: 60/90 MP: 15/17
  9752 | D:8      | Found a shimmering blue altar of Sif Muna.
  9756 | D:8      | Identified Sif Muna's Incunabulum of Summoning and
                  | Lightness
  9829 | D:8      | Reached * piety under Qazlal
  9858 | D:8      | Found an ancient bone altar of Kikubaaqudgha.
  9879 | D:8      | Noticed a two-headed ogre
  9884 | D:8      | Reached skill level 10 in Invocations
  9889 | D:8      | HP: 4/91 [orc priest/nerve-wracking pain (12)]
 10608 | D:8      | Upgraded the game from 0.27-a0-512-g57cc695410 to
                  | 0.27-a0-522-g46bbb28828
 10611 | D:8      | Killed a two-headed ogre
 10612 | D:8      | Reached skill level 13 in Axes
 10651 | D:8      | Noticed Erica
 11110 | D:8      | Killed Erica
 11183 | D:9      | Found a staircase to the Orcish Mines.
 11359 | D:9      | Found a radiant altar of Vehumet.
 11442 | D:9      | Noticed a two-headed ogre
 11458 | D:9      | Killed a two-headed ogre
 11459 | D:9      | Reached skill level 10 in Fighting
 11459 | D:9      | Reached skill level 14 in Axes
 11596 | D:9      | Found a stormy altar of Qazlal.
 11657 | D:9      | Reached XP level 11. HP: 91/99 MP: 19/19
 11663 | D:9      | Reached ** piety under Qazlal
 11906 | D:9      | Noticed Psyche
 11913 | D:9      | Killed Psyche
 12042 | D:9      | Found a basalt altar of Yredelemnul.
 12095 | D:9      | Found a white marble altar of Elyvilon.
 12285 | D:10     | Entered Level 10 of the Dungeon
 12320 | D:10     | Noticed a manticore
 12334 | D:10     | Killed a manticore
 12497 | D:10     | Paralysed by a hornet for 2 turns
 12517 | D:10     | Reached skill level 15 in Axes
 12527 | D:10     | HP: 1/101 [orc warrior/+0 halberd (15)]
 12529 | D:10     | Mangled by an orc warrior

Illustrated notes

Levels and vault maps discovered:
D:1:      lightli_arrival_farm, layout_basic, serial_curves, eino_curves_03,
          eino_curves_03, eino_curves_04, eino_curves_02
D:2:      layout_basic
D:3:      layout_loops_ring, kennysheep_cross_bottleneck
D:4:      layout_basic, nicolae_gozag_zags_fifth_avenue, kennysheep_little_box,
          grunt_dithmenos_smoke_and_mirrors, minmay_temple_entry_statues_pillars
D:5:      layout_loops_ring, lemuel_crystal_altar, serial_shops,
          nicolae_shop_stone, ebering_ghost_inner_flame
D:6:      layout_rooms, general_overflow_altar, evilmike_ruin_ashenzari,
          serial_shops, nicolae_shop_temple_entry_statues_fountains,
          kennysheep_generic_room_3, uniq_edmund
D:7:      layout_rooms
D:8:      layout_basic, nzn_overflow_gifts_of_might_and_magic,
          nicolae_overflow_crystal_walls, david_lair_generic,
          kennysheep_okawaru_gauntlet, uniq_erica
D:9:      layout_irregular_city, kennysheep_ying_yang, vehumet_altar_wand_db,
          orc_0_dummy, lemuel_statue_altar, uniq_psyche
D:10:     layout_layer_cave, kennysheep_dice
Temple:   jpeg_temple_alley_garden

Skill      XL: |  1  2  3  4  5  6  7  8  9 10 11 |
---------------+----------------------------------+-----
Axes           | 3 4 5 7 8 9 10 12 14 15 | 15.0
Fighting       | 4 5 6 7 8 10 | 10.7
Invocations    | 3 6 9 11 12 | 12.1
Armour         | |  3.2
Shields        | |  3.2

Action                   |  1- 3 |  4- 6 |  7- 9 | 10-12 || total
-------------------------+-------+-------+-------+-------++-------
Melee: War axe           |    99 |   132 |   281 |   256 ||   768
Evoke: Wand              |       |     2 |     5 |     9 ||    16
  Use: Scroll            |     5 |    10 |     6 |     4 ||    25
       Potion            |       |       |     3 |     6 ||     9
Armor: Scale mail        |    48 |    74 |    46 |       ||   168
       Ring mail         |       |       |    92 |    94 ||   186
Dodge: Dodged            |    44 |    41 |   106 |    67 ||   258
Block: Kite shield       |    65 |    59 |   174 |   184 ||   482

Table legend: (Time is in decaauts)
 A = Elapsed time spent in this place.
 B = Non-inter-level travel time spent in this place.
 C = Inter-level travel time spent in this place.
 D = Time resting spent in this place.
 E = Time spent auto-exploring this place.
 F = Levels seen in this place.
 G = Mean time per level.
                   A        B        C        D        E       F      G
               +--------+--------+--------+--------+--------+-----+--------+
         Total |  12772 |  12323 |    449 |   2090 |   8496 |  11 | 1161.1 |
       Dungeon |  12668 |  12258 |    410 |   2090 |   8453 |  10 | 1266.8 |
        Temple |    103 |     64 |     39 |      0 |     43 |   1 |  103.0 |
               +--------+--------+--------+--------+--------+-----+--------+

Top non-repeatable levels by time:
     D:8: 2736 daAuts
     D:2: 1559 daAuts
     D:5: 1457 daAuts
     D:7: 1325 daAuts
     D:1: 1192 daAuts
     D:6: 1160 daAuts
     D:9: 1104 daAuts
     D:4: 1095 daAuts
     D:3: 788 daAuts
    D:10: 248 daAuts
  Temple: 103 daAuts
